 Dungeon Crawl Stone Soup version 0.24.0-13-gcf9b3192b9 (webtiles) character file.

Game seed: 10145935401454983923, levelgen mode: deterministic

436 Arixos the Skirmisher (level 6, -8/48 HPs)
             Began as a Mummy Abyssal Knight on Nov 7, 2019.
             Was a Priest of Lugonu.
             Killed from afar by an orc wizard (9 damage)
             ... with a magic dart
             ... on level 4 of the Dungeon.
             The game lasted 00:10:35 (3742 turns).

Arixos the Skirmisher (Mummy Abyssal Knight)        Turns: 3742, Time: 00:10:35

Health: -8/48      AC: 10    Str: 18    XL:     6   Next: 69%
Magic:  7/8        EV: 11    Int: 11    God:    Lugonu [***...]
Gold:   222        SH:  0    Dex: 13    Spells: 5/5 levels left

rFire    x . .     SeeInvis .   a - +1 falchion
rCold    + . .     Gourm    .   (no shield)
rNeg     + + +     Faith    .   p - +2 ring mail {MR+}
rPois    ∞         Spirit   .   f - +1 hat
rElec    .         Reflect  .   k - +0 cloak
rCorr    .         Harm     .   (no gloves)
MR       +....                  j - +0 pair of boots
Stlth    +.........             b - amulet of regeneration
HPRegen  0.56/turn              c - +2 ring of strength
MPRegen  0.11/turn              (no ring)

@: no status effects
A: no food or potions, fire vulnerability, cold resistance 1, negative energy
resistance 3, torment resistance, unbreathing
a: Depart the Abyss, Bend Space, Banish, Renounce Religion


You were on level 4 of the Dungeon.
You worshipped Lugonu.
Lugonu was most pleased with you.
You were not hungry.

You visited 1 branch of the dungeon, and saw 4 of its levels.
You visited the Abyss 1 time.

You collected 222 gold pieces.

Inventory:

Hand Weapons
 a - a +1 falchion (weapon)
Missiles
 n - 4 curare-tipped darts (quivered)
Armour
 f - a +1 hat (worn)
 j - a +0 pair of boots (worn)
 k - a +0 cloak (worn)
 p - a +2 ring mail of magic resistance (worn)
Jewellery
 b - an amulet of regeneration (around neck)
 c - a +2 ring of strength (left hand)
 o - an uncursed ring of protection from cold {unknown}
Wands
 e - a wand of enslavement (8)
 m - a wand of iceblast (10)
Scrolls
 d - 2 scrolls of teleportation {unknown}
 g - 5 scrolls of identify {unknown}
 h - a scroll of enchant weapon {unknown}
 i - 2 scrolls of magic mapping {unknown}
 l - a scroll of fog {unknown}
 q - a scroll of amnesia {unknown}


   Skills:
 + Level 4.3 Fighting
 + Level 3.0 Long Blades
 + Level 2.9 Armour
 + Level 2.4 Dodging
 + Level 3.2 Invocations


You had 5 spell levels left.
You didn't know any spells.
Your spell library contained the following spells:

 Spells                   Type           Power        Failure   Level  Hunger
 Confusing Touch          Hex            #.....       52%         1    N/A
 Confuse                  Hex            #.......     88%         3    N/A
 Gell's Gravitas          Tloc           #.........   88%         3    N/A
 Petrify                  Tmut/Erth      #.......     99%         4    N/A
 Metabolic Englaciation   Hex/Ice        #.........   100%        5    N/A
 Yara's Violent Unravell  Hex/Tmut       #.........   100%        5    N/A

Dungeon Overview and Level Annotations

Branches:
Dungeon (4/15)
 Temple: D:4-7

Altars:
Dithmenos


Innate Abilities, Weirdness & Mutations

You do not eat or drink.
Your flesh is vulnerable to fire.
You are immune to poison.
Your flesh is cold resistant. (rC+)
You are immune to negative energy. (rN+++)
You are immune to unholy pain and torment.
You can survive without breathing.


Message History

You closely miss the orc wizard.
The orc wizard is heavily wounded.
The orc wizard misses you.
You riposte.
You hit the orc wizard but do no damage.
The orc wizard is heavily wounded.
You hit the orc wizard but do no damage.
The orc wizard is heavily wounded.
The orc wizard casts a spell at you. The puff of flame hits you.
* * * LOW HITPOINT WARNING * * *
You hit the orc wizard but do no damage.
The orc wizard is heavily wounded.
The orc wizard hits you but does no damage.
The orc barely misses you.
You riposte.
You hit the orc but do no damage.
The orc wizard looks braver for a moment.
The orc wizard hits you with a +0 dagger.
* * * LOW HITPOINT WARNING * * *
The orc wizard gestures at you while chanting.
The magic dart hits you!
You die...

#..# #.#####..#
#........#
#######.## #.#
#.########
#........#
######.#.......
#####o@.#......##.#
#).o)o#.......##
#†###...#...### #.
######.## #o #.# #.
#.. .. #+## .. .#


You could see an orc wizard and 2 orcs.

Vanquished Creatures
  An ogre (D:4)
  A bullfrog skeleton (D:4)
  2 orc wizards (D:4)
  An iguana (D:4)
  7 gnolls (D:4)
  5 adders
  A shadow imp (D:3)
  An adder skeleton (D:4)
  8 worms
  4 dart slugs
  2 leopard geckos
  11 orcs
  3 giant cockroaches
  8 goblins
  4 hobgoblins
  4 jackals
  3 quokkas
  12 bats
  5 frilled lizards
  6 kobolds
  15 rats
104 creatures vanquished.

Notes
Turn   | Place    | Note
-------+----------+-------------------------------------------
     0 | Abyss:1  | Arixos the Mummy Abyssal Knight began the quest for the
                  | Orb.
     0 | Abyss:1  | Reached XP level 1. HP: 18/18 MP: 2/2
    18 | Abyss:2  | Found a corrupted altar of Lugonu.
    20 | Abyss:2  | Noticed a large abomination
    38 | Abyss:2  | Noticed a smoke demon
    40 | D:1      | Escaped the Abyss
   207 | D:1      | Reached skill level 1 in Dodging
   215 | D:1      | Reached XP level 2. HP: 22/24 MP: 3/3
   219 | D:1      | Reached * piety under Lugonu
   688 | D:1      | Reached XP level 3. HP: 28/29 MP: 4/4
  1932 | D:2      | Reached XP level 4. HP: 33/35 MP: 5/5
  2184 | D:2      | Reached ** piety under Lugonu
  2792 | D:3      | Found a shadowy altar of Dithmenos.
  3022 | D:3      | Reached XP level 5. HP: 41/41 MP: 6/6
  3390 | D:4      | Noticed an ogre
  3399 | D:4      | Killed an ogre
  3399 | D:4      | Reached skill level 4 in Fighting
  3399 | D:4      | Reached XP level 6. HP: 48/48 MP: 8/8
  3488 | D:4      | Reached *** piety under Lugonu
  3740 | D:4      | HP: 2/48 [orc wizard/puff of flame (1)]
  3742 | D:4      | Killed from afar by an orc wizard

Levels and vault maps discovered:
D:1:      dpeg_arrival_lava_temple_mockup, layout_loops_ring, st_stairs_14
D:2:      layout_basic, st_stairs_13
D:3:      layout_loops_corners, overflow_temple_1_default, first_ration,
          chequers_serial_rivers_micro_d
D:4:      layout_loops_corners, lemuel_round_altar

Skill      XL: |  1  2  3  4  5  6 |
---------------+-------------------+-----
Dodging        | 1 2 |  2.4
Invocations    | 2 3 |  3.2
Long Blades    | 2 3 |  3.0
Armour         | 2 |  2.9
Fighting       | 4 |  4.3

Action                   |  1- 3 |  4- 6 || total
-------------------------+-------+-------++-------
Melee: Falchion          |   152 |   267 ||   419
Invok: Depart the Abyss  |     1 |       ||     1
       Bend Space        |       |     1 ||     1
Armor: Leather armour    |    16 |       ||    16
       Scale mail        |    42 |    33 ||    75
       Ring mail         |       |    72 ||    72
Dodge: Dodged            |   104 |   151 ||   255
       Rpst.: Falchion   |    29 |    37 ||    66
